 Dungeon Crawl Stone Soup version 0.27-a0-421-g7ddf969dea (webtiles) character file.

Game seed: 8431164328262555006

192 HoaS the Ruffian (level 5, -2/41 HPs)
             Began as a Demigod Gladiator on Feb 26, 2021.
             Slain by an adder (3 damage)
             ... in a sewer.
             The game lasted 00:07:29 (3030 turns).

HoaS the Ruffian (Demigod Gladiator)                Turns: 3030, Time: 00:07:29

Health: -2/41      AC:  4    Str: 19    XL:     5   Next: 19%
Magic:  7/7        EV: 12    Int: 10    God:
Gold:   14         SH:  0    Dex: 15    Spells: 4/4 levels left

rFire    . . .     SeeInvis .     - Unarmed
rCold    . . .     Faith    .   (no shield)
rNeg     . . .     Spirit   .   a - +0 leather armour
rPois    .         Reflect  .   b - +0 helmet
rElec    .         Harm     .   (no cloak)
rCorr    .         Rampage  .   (no gloves)
Will     .....                  (no boots)
Stlth    +.........             (no amulet)
HPRegen  0.13/turn              (no ring)
MPRegen  0.10/turn              (no ring)

@: lethally poisoned (-2 -> -17)
A: high mp 1
a: no special abilities


You were in a sewer.
You visited 1 branch of the dungeon, and saw 3 of its levels.
You also visited: Sewer.

You collected 14 gold pieces.

Inventory:

Missiles
 c - 3 throwing nets (quivered)
 d - 7 boomerangs
 g - 14 poisoned darts
 h - 6 javelins
Armour
 a - a +0 leather armour (worn)
 b - a +0 helmet (worn)
Potions
 e - a potion of cancellation
 f - a potion of mutation
 i - a potion of lignification
 l - a potion of haste
 m - a potion of might {unknown}
 n - a potion of curing {unknown}
 o - a potion of brilliance {unknown}


   Skills:
 - Level 1.7 Fighting
 - Level 1.7 Throwing
 - Level 2.6 Dodging
 + Level 5.6 Unarmed Combat


You had 4 spell levels left.
You didn't know any spells.
Your spell library was empty.

Dungeon Overview and Level Annotations

Branches:
Dungeon (3/15)              Sewer (1/1)


Innate Abilities, Weirdness & Mutations

You have an increased reservoir of magic. (+10% MP)


Message History

The adder bites you. The adder barely misses you. The adder bites you.
You hit the adder but do no damage.
The adder is severely wounded.
The adder bites you but does no damage. The adder misses you.
The adder barely misses you.
You barely miss the adder.
The adder is severely wounded.
The adder misses you. The adder bites you.
You are poisoned.
The adder poisons you! The adder bites you. The adder closely misses you.
The adder bites you.
You hit the adder.
You kill the adder!
You feel sick. The adder bites you but does no damage.
The adder barely misses you.
You closely miss the ball python. The ball python misses you.
The ball python grabs you. The ball python constricts you. The adder bites you.
You are more poisoned.
The adder poisons you! The adder barely misses you.
You hit the ball python.
The ball python is moderately wounded.
You feel sick.
The ball python bites you but does no damage.
The ball python constricts you.
The adder bites you but does no damage. x2
You punch the ball python!
You kill the ball python!
You feel sick. The adder bites you.
* * * LOW HITPOINT WARNING * * *
You are lethally poisoned!
The adder poisons you! The adder bites you but does no damage.
You hit the ball python.
You kill the ball python!
* * * LOW HITPOINT WARNING * * *
You feel sick. The adder barely misses you. The adder bites you.
* * * LOW HITPOINT WARNING * * *
The adder bites you.
* * * LOW HITPOINT WARNING * * *
You are more poisoned.
The adder poisons you! The adder barely misses you. The adder bites you.
You die...

## ..# ...# #...#
#...#
#################....#
†≈≈≈≈≈≈≈≈≈≈≈≈≈≈.@....#
≈≈≈≈≈≈≈≈≈†≈≈≈≈≈SS...##
≈≈≈≈≈≈≈≈.†≈≈≈≈≈≈....#
≈≈≈≈≈≈≈≈.†≈≈≈≈≈≈....#
≈≈≈≈≈≈≈≈≈≈≈≈≈≈≈≈...##
≈≈≈≈≈≈≈#≈≈≈≈≈≈≈#.###
################## # #


You could see 2 adders.

Vanquished Creatures
  A gnoll (D:1)
  2 adders
  7 river rats
  An ooze (D:3)
  5 dart slugs
  5 leopard geckos
  8 ball pythons (Sewer)
  6 giant cockroaches
  4 goblins
  3 hobgoblins (D:1)
  2 jackals (D:1)
  8 bats
  4 frilled lizards
  9 kobolds
  28 rats
93 creatures vanquished.

Notes
Turn   | Place    | Note
-------+----------+-------------------------------------------
     0 | D:1      | HoaS the Demigod Gladiator began the quest for the Orb.
     0 | D:1      | Reached XP level 1. HP: 17/17 MP: 3/3
    88 | D:1      | Reached skill level 3 in Unarmed Combat
   376 | D:1      | Reached XP level 2. HP: 23/24 MP: 4/4
   790 | D:1      | Reached XP level 3. HP: 28/29 MP: 5/5
   912 | D:1      | Reached skill level 4 in Unarmed Combat
  1036 | D:2      | Found a shadowy altar of Dithmenos.
  1219 | D:2      | Found a basalt altar of Yredelemnul.
  1844 | D:3      | Reached XP level 4. HP: 30/36 MP: 6/6
  2116 | D:3      | Found a glowing drain.
  2120 | Sewer    | Entered a sewer
  2144 | Sewer    | Reached skill level 5 in Unarmed Combat
  2884 | Sewer    | Reached XP level 5. HP: 30/41 MP: 7/7
  3030 | Sewer    | HP: 1/41 [adder (2)]
  3030 | Sewer    | Slain by an adder

Illustrated notes

Levels and vault maps discovered:
D:1:      tarquinn_simple_flora_water_e, layout_basic
D:2:      layout_basic, yredelemnul_altar_generic,
          nicolae_dithmenos_shadow_blocks
D:3:      layout_loops_ring, overflow_temple_1_default, gup_sewer_entry_spiral,
          chequers_serial_rivers_room_a, uniq_ijyb
Sewer:    sewer_minmay_w

Skill      XL: |  1  2  3  4 |
---------------+-------------+-----
Unarmed Combat | 3 4 5 |  5.6
Fighting       | |  1.7
Throwing       | |  1.7
Dodging        | |  2.6

Action                   |  1- 3 |  4- 6 || total
-------------------------+-------+-------++-------
Melee: Unarmed           |   165 |   154 ||   319
       Punch             |     2 |     2 ||     4
  Use: Scroll            |     5 |     3 ||     8
Armor: Leather armour    |    47 |    56 ||   103
Dodge: Dodged            |    97 |   124 ||   221

Table legend: (Time is in decaauts)
 A = Elapsed time spent in this place.
 B = Non-inter-level travel time spent in this place.
 C = Inter-level travel time spent in this place.
 D = Time resting spent in this place.
 E = Time spent auto-exploring this place.
 F = Levels seen in this place.
 G = Mean time per level.
                   A        B        C        D        E       F      G
               +--------+--------+--------+--------+--------+-----+--------+
         Total |   3122 |   3093 |     29 |   1411 |    901 |   4 |  780.5 |
       Dungeon |   2130 |   2101 |     29 |    889 |    743 |   3 |  710.0 |
         Sewer |    992 |    992 |      0 |    522 |    158 |   1 |  992.0 |
               +--------+--------+--------+--------+--------+-----+--------+

Top non-repeatable levels by time:
     D:1: 1023 daAuts
   Sewer: 992 daAuts
     D:2: 727 daAuts
     D:3: 379 daAuts
